 Dungeon Crawl Stone Soup version 0.29.1 (webtiles) character file.

Game seed: 17940708680924285687

14 swilekon the Cutter (level 2, -1/19 HPs)
             Began as an Octopode Gladiator on Sept 14, 2022.
             Slain by a goblin
             ... wielding a +0 dagger
              (4 damage)
             ... on level 1 of the Dungeon.
             The game lasted 00:00:47 (525 turns).

swilekon the Cutter (Octopode Gladiator)             Turns: 525, Time: 00:00:48

Health: -1/19      AC:  1    Str: 13    XL:     2   Next: 45%
Magic:  2/2        EV: 14    Int: 10    God:
Gold:   44         SH:  0    Dex: 13    Spells: 1/1 levels left

rFire   . . .      SeeInvis .   a - +0 rapier
rCold   . . .      Faith    .   (no shield)
rNeg    . . .      Spirit   .   b - +0 hat
rPois   .          Reflect  .   (no amulet)
rElec   .          Harm     .   (no ring)
rCorr   .          Rampage  .   (no ring)
Will    .....                   (no ring)
Stlth   ++........              (no ring)
HPRegen 0.06/turn               (no ring)
MPRegen 0.08/turn               (no ring)
                                (no ring)
                                (no ring)

@: no status effects
A: almost no armour, amphibious, 8 rings, camouflage 1, gelatinous body 1,
(nimble swimmer 1), tentacles
a: no special abilities


You were on level 1 of the Dungeon.
You visited 1 branch of the dungeon, and saw 1 of its levels.

You collected 44 gold pieces.

Inventory:

Hand Weapons
 a - a +0 rapier (weapon)
Missiles
 d - a javelin (quivered)
Armour
 b - a +0 hat (worn)
Potions
 c - a potion of curing {unknown}
 e - a potion of haste {unknown}


   Skills:
 + Level 2.2 Fighting
 * Level 3.4 Short Blades
 - Level 2.0 Throwing
 + Level 3.2 Dodging


You had one spell level left.
You didn't know any spells.
Your spell library was empty.

Dungeon Overview and Level Annotations

Branches:
Dungeon (1/15)

Altars:


Innate Abilities, Weirdness & Mutations

You cannot wear most types of armour.
You are amphibious.
You can wear up to eight rings at the same time.
Your skin changes colour to match your surroundings (Stealth+).
Your rubbery body absorbs attacks. (AC +1, EV +1)
((You are camouflaged when in or above water. (Stealth+)))
You have tentacles for arms and can constrict up to eight enemies at once.


Message History

You hit the jackal. You grab the jackal.
The jackal is severely wounded.
You constrict the jackal.
You kill the jackal!
The jackal bites you but does no damage.
The jackal closely misses you. The jackal barely misses you.
The jackal attacks as you move away! The jackal bites you. x2
You hit the jackal. Your grab misses the jackal.
The jackal is severely wounded.
The jackal bites you but does no damage.
You barely miss the jackal. Your grab misses the jackal.
The jackal is severely wounded.
The jackal bites you. x2
You are too injured to fight recklessly!
You hit the jackal.
You kill the jackal!
You barely miss the jackal. Your grab misses the jackal. The jackal misses you.
The jackal bites you.
* * * LOW HITPOINT WARNING * * *
You hit the jackal. You grab the jackal.
The jackal is almost dead.
You constrict the jackal.
You kill the jackal!
You barely miss the hobgoblin. Your grab misses the hobgoblin.
The hobgoblin hits you.
* * * LOW HITPOINT WARNING * * *
You hit the hobgoblin. You grab the hobgoblin.
The hobgoblin is moderately wounded.
You constrict the hobgoblin, but do no damage.
The hobgoblin misses you.
You hit the hobgoblin.
You squeeze the hobgoblin, but do no damage.
The hobgoblin is severely wounded.
You constrict the hobgoblin. The hobgoblin misses you.
You hit the hobgoblin.
You kill the hobgoblin!
You barely miss the goblin. Your grab misses the goblin. The goblin misses you.
You closely miss the goblin. Your grab misses the goblin.
The goblin hits you with a +0 dagger.
You die...

..#....# #..#
#.#....######.##
#.#....##.....#
##.#....##.#####
#.......##.#
#..###.....#
#..###..####
#....#..#
#@##..>##
#g######
#..........
+..........
#..........
#..........
#........(.
#......(.(.
###########


You could see a goblin.

Vanquished Creatures
  An endoplasm (D:1)
  A goblin (D:1)
  A hobgoblin (D:1)
  3 jackals (D:1)
  4 ball pythons (D:1)
  A bat (D:1)
  A kobold (D:1)
  2 rats (D:1)
14 creatures vanquished.

Notes
Turn   | Place    | Note
-------+----------+-------------------------------------------
     0 | D:1      | swilekon the Octopode Gladiator began the quest for the
                  | Orb.
     0 | D:1      | Reached XP level 1. HP: 14/14 MP: 1/1
   498 | D:1      | Reached XP level 2. HP: 19/19 MP: 2/2
   525 | D:1      | Slain by a goblin

Illustrated notes

Levels and vault maps discovered:
D:1:      dreamdust_arrival_sigmund_warning, layout_basic

Action                   || total
-------------------------++-------
Melee: Rapier            ||    27
       Constrict         ||     4
       Tentacles         ||     3
 Stab: Sleeping          ||     4
Armor: Skin              ||     3
Dodge: Dodged            ||    17
